 Dungeon Crawl Stone Soup version 0.19-a0-517-gd6a9987 (webtiles) character file.

41 tyrsky the Insei (level 3, 0/28 HPs)
             Began as a Draconian Transmuter on June 6, 2016.
             Slain by a gnoll
             ... wielding a +0 spear
              (6 damage)
             ... on level 2 of the Dungeon.
             The game lasted 00:04:05 (875 turns).

tyrsky the Insei (Draconian Transmuter)              Turns: 875, Time: 00:04:06

Health: 0/28       AC:  6    Str: 12    XL:     3   Next: 32%
Magic:  2/6        EV: 12    Int: 13    God:
Gold:   63         SH:  0    Dex: 12    Spells: 2 memorised, 4 levels left

rFire  . . .     SeeInvis .       - Unarmed
rCold  . . .     Gourm    .     (armour unavailable)
rNeg   . . .     Faith    .     (no shield)
rPois  .         Spirit   .     (helmet restricted)
rElec  .         Dismiss  .     m - +0 cloak
rCorr  .         Reflect  .     (no gloves)
SustAt .         Harm     .     (no boots)
MR     .....                    (no amulet)
Stlth  +.........               (no ring)
                                (no ring)

@: very slightly contaminated, not resistant to hostile enchantments, very
unstealthy
A: unfitting armour, cold-blooded, AC +5
a: no special abilities


You were on level 2 of the Dungeon.
You were hungry.

You visited 1 branch of the dungeon, and saw 3 of its levels.

You collected 63 gold pieces.

Inventory:

Missiles
 a - 18 arrows
Armour
 m - a +0 cloak (worn)
Scrolls
 e - 2 scrolls of identify {@*1}
Potions
 d - a potion of lignification {unknown}
 f - a potion of might {unknown}
 j - 2 potions of haste
 k - a potion of curing
Books
 b - a book of Changes

   Spells                             Type                      Level
   a - Beastly Appendage              Transmutation                1
   b - Sticks to Snakes               Transmutation                2
   c - Spider Form                    Transmutation/Poison         3
   d - Ice Form                       Ice/Transmutation            4
   e - Blade Hands                    Transmutation                5
Comestibles
 c - 2 bread rations
 l - a meat ration


   Skills:
 - Level 1.1 Fighting
 - Level 1.7 Dodging
 + Level 3.6 Unarmed Combat
 + Level 2.5 Spellcasting
 + Level 2.6 Transmutations


You had 4 spell levels left.
You knew the following spells:

 Your Spells              Type           Power        Failure   Level  Hunger
a - Beastly Appendage     Tmut           #.....       10%         1    #......
b - Sticks to Snakes      Tmut           #.......     14%         2    ###....


Dungeon Overview and Level Annotations

Branches:
Dungeon (3/15)

Altars:


Innate Abilities, Weirdness & Mutations

Your plain brown scales are hard. (AC +5)
Your body does not fit into most forms of armour.
You are cold-blooded and may be slowed by cold attacks.


Message History

Your adder bites the goblin.
The goblin dies!
A kobold comes into view. It is wielding a club.
The kobold shouts!
Your adder bites the adder.
The adder bites your adder. The orc closely misses you.
The dart slug launches a dart at you.
The slug dart hits you! 2 orcs come into view.
The orc shouts! 2 orcs come into view.
The orc shouts! x3
A rat comes into view.
The orc hits you but does no damage.
The giant gecko hisses menacingly.
There is a stone staircase leading up, spattered with blood here.
The orc hits you but does no damage.
You climb upwards.
The gnoll hits you but does no damage. The gnoll hits you with a spear.
You die...

##.....g.###.##.#.#
##.....## #.# .# #
##<..## #.# # ##'##
#.# #.# #.# #.# #.#
##.## #..
##...#########.#
#......ogdg....#
#####...#.#########
#.........#
..####.#### #.# #.#
#.# #.# #.#


You could see 2 gnolls and an orc.

Vanquished Creatures
  A gnoll (D:2)
  An adder (D:3)
  A dart slug (D:1)
  2 giant cockroaches (D:1)
  3 goblins
  3 hobgoblins
  2 ball pythons (D:1)
  6 bats
  4 giant newts (D:1)
  3 kobolds
  4 rats (D:1)
30 creatures vanquished.

Vanquished Creatures (collateral kills)
  A goblin (D:3)
  A rat (D:3)
2 creatures vanquished.

Grand Total: 32 creatures vanquished

Notes
Turn   | Place    | Note
--------------------------------------------------------------
     0 | D:1      | tyrsky the Draconian Transmuter began the quest for the Orb.
     0 | D:1      | Reached XP level 1. HP: 16/16 MP: 3/3
   353 | D:1      | Reached XP level 2. HP: 23/23 MP: 3/5
   714 | D:2      | Learned a level 2 spell: Sticks to Snakes
   779 | D:2      | Reached XP level 3. HP: 9/28 MP: 1/6
   875 | D:2      | Slain by a gnoll

Vault maps used:
D:1:      lightli_arrival_quake, columned_hall_lemuel, bh_walls_and_bars
D:2:      uniq_natasha
D:3:      okawaru_gym_becter, amethyst_overflow_temple_binary, uniq_robin

Action                   || total
-------------------------++-------
Melee: Unarmed           ||   108
       Kick              ||    10
       Tailslap          ||     9
       Headbutt          ||     1
       Punch             ||     1
 Cast: Beastly Appendage ||    14
       Sticks to Snakes  ||     7
  Use: Scroll            ||     4
       Potion            ||     1
 Stab: Distracted        ||     2
Armor: Skin              ||    60
Dodge: Dodged            ||    96
